 Dungeon Crawl Stone Soup version 0.19.1-1-g22dce08 (webtiles) character file.

105 kae the Chopper (level 4, -7/41 HPs)
             Began as a Hill Orc Fighter on Dec 30, 2016.
             Mangled by a gnoll
             ... wielding a +0 halberd
              (15 damage)
             ... on level 3 of the Dungeon.
             The game lasted 00:01:14 (1612 turns).

kae the Chopper (Hill Orc Fighter)                  Turns: 1612, Time: 00:01:15

Health: -7/41      AC:  6    Str: 19    XL:     4   Next: 83%
Magic:  4/4        EV:  7    Int:  8    God:
Gold:   104        SH: 10    Dex: 10    Spells: 0 memorised, 3 levels left

rFire  . . .     SeeInvis .     a - +0 war axe
rCold  . . .     Gourm    .     b - +0 scale mail
rNeg   . . .     Faith    .     c - +1 shield
rPois  .         Spirit   .     (no helmet)
rElec  .         Reflect  .     (no cloak)
rCorr  .         Harm     .     (no gloves)
MR     .....                    (no boots)
Stlth  ..........               (no amulet)
                                (no ring)
                                (no ring)

@: no status effects
A: no striking features
a: no special abilities


You were on level 3 of the Dungeon.
You were hungry.

You visited 1 branch of the dungeon, and saw 3 of its levels.

You collected 104 gold pieces.

Inventory:

Hand Weapons
 a - a +0 war axe (weapon)
Armour
 b - a +0 scale mail (worn)
 c - a +1 shield (worn)
Potions
 d - a potion of might
 g - 3 potions of lignification
 i - 3 potions of curing
 m - a potion of brilliance {unknown}
Comestibles
 f - 5 bread rations
 k - a beef jerky
 n - a meat ration


   Skills:
 + Level 4.8 Fighting
 * Level 5.3 Axes
 - Level 3.2 Armour
 - Level 3.2 Shields


You had 3 spell levels left.
You didn't know any spells.

Dungeon Overview and Level Annotations

Branches:
Dungeon (3/15)

Altars:

Annotations:
D:3 Quirk's ghost, amateur DsFi


Message History

The gnoll hits you but does no damage.
Your scale mail prevents you from hitting the gnoll.
The gnoll is severely wounded.
The gnoll hits you but does no damage. You block the gnoll's attack.
It was a potion of curing.
You feel better. The gnoll hits you but does no damage.
You block the gnoll's attack.
You slash the gnoll!
You kill the gnoll!
You block the gnoll's attack.
Quirk's ghost (amateur Demonspawn Fighter) comes into view.
Quirk's ghost turns its malevolent gaze towards you.
You block the gnoll's attack.
Things that are here:
a club; a gnoll corpse You closely miss the gnoll.
The gnoll closely misses you.
The gnoll hits you from afar with a halberd!
* * * LOW HITPOINT WARNING * * *
Found 9 sling bullets.
The gnoll hits you from afar with a halberd!
You die...

#.......†..####...,
#........)).....#**
*#............###**
*********##............#**,
*,,,,,,,,#..............#,,
*,,,,,,,,#.....(..........*
*,,,,,>,,#..g.>...........*
*,,,,,,,,#................*
*,,,,,,,,#@W......(.......*
*,,..................(.#.,,
*,,........#..........##,**
*,<......#.#........###*,*
***#######.######...#***,**
#..,* *....,,,,,,
###,****,,,,,,*,*,
*,**,,,,*,,,,,,,
************,**,**,*,*,**,,


You could see Quirk's ghost and a gnoll.

Vanquished Creatures
  Robin (D:2)
  2 gnolls (D:3)
  An adder (D:3)
  An ooze (D:2)
  A worm (D:2)
  2 dart slugs (D:2)
  A leopard gecko (D:1)
  5 bats
  8 hobgoblins
  5 kobolds
  A frilled lizard (D:2)
  14 goblins
  11 rats
53 creatures vanquished.

Notes
Turn   | Place    | Note
-------+----------+-------------------------------------------
     0 | D:1      | kae the Hill Orc Fighter began the quest for the Orb.
     0 | D:1      | Reached XP level 1. HP: 19/19 MP: 1/1
    93 | D:1      | Reached skill level 3 in Axes
   184 | D:1      | Reached XP level 2. HP: 26/27 MP: 2/2
   952 | D:2      | Reached XP level 3. HP: 33/33 MP: 3/3
  1109 | D:2      | Reached skill level 4 in Axes
  1126 | D:2      | Noticed Robin
  1148 | D:2      | Killed Robin
  1148 | D:2      | Reached XP level 4. HP: 24/41 MP: 4/4
  1592 | D:3      | Reached skill level 5 in Axes
  1602 | D:3      | Noticed Quirk's ghost (amateur DsFi)
  1612 | D:3      | Mangled by a gnoll

Skill      XL: |  1  2  3  4 |
---------------+-------------+-----
Axes           | 3 4 5 |  5.3
Fighting       | 4 |  4.8
Armour         | |  3.2
Shields        | |  3.2

Action                   |  1- 3 |  4- 6 || total
-------------------------+-------+-------++-------
Melee: War axe           |   108 |    44 ||   152
  Use: Scroll            |       |     5 ||     5
       Potion            |       |     1 ||     1
  Eat: Chunk             |     1 |     1 ||     2
Armor: Scale mail        |    64 |    31 ||    95
Dodge: Dodged            |    43 |    20 ||    63
Block: Shield            |    60 |    45 ||   105
